 Dungeon Crawl Stone Soup version 0.28.0-47-ge53b351184 (webtiles) character file.

Game seed: 18428054949200868945

60 Exodus22XD the Magician (level 3, -8/19 HPs)
             Began as a Deep Elf Conjurer on Apr 29, 2022.
             Mangled by a polar bear (23 damage)
             ... created by the rage of Trog
             ... on level 2 of the Dungeon.
             The game lasted 00:02:34 (1818 turns).

Exodus22XD the Magician (Deep Elf Conjurer)         Turns: 1818, Time: 00:02:35

Health: -8/19      AC:  2    Str:  4    XL:     3   Next: 82%
Magic:  10/12      EV: 12    Int: 24    God:
Gold:   119        SH:  0    Dex: 13    Spells: 10/13 levels left

rFire   . . .      SeeInvis .   c - +0 dagger
rCold   . . .      Faith    .   (no shield)
rNeg    . . .      Spirit   .   a - +0 robe
rPois   .          Reflect  .   (no helmet)
rElec   .          Harm     .   (no cloak)
rCorr   .          Rampage  .   (no gloves)
Will    .....                   (no boots)
Stlth   ++........              (no amulet)
HPRegen 0.06/turn               (no ring)
MPRegen 0.13/turn               (no ring)

@: slowed, very slow
A: no striking features
a: no special abilities


You were on level 2 of the Dungeon.
You visited 1 branch of the dungeon, and saw 2 of its levels.

You collected 119 gold pieces.

Inventory:

Hand Weapons
 c - a +0 dagger (weapon)
Armour
 a - a +0 robe (worn)
Scrolls
 b - a scroll of identify
 e - a scroll of holy word
 f - a scroll of enchant weapon
 h - a scroll of fear {unknown}
Potions
 d - a potion of heal wounds {unknown}
 g - a potion of curing {unknown}


   Skills:
 - Level 2.4 Dodging
 - Level 2.4 Stealth
 + Level 5.8 Spellcasting
 - Level 4.3 Conjurations


You had 10 spell levels left.
You knew the following spells:

 Your Spells              Type           Power      Damage    Failure   Level
a - Magic Dart            Conj           100%       1d8       1%          1
b - Searing Ray           Conj           56%        2d6       1%          2

Your spell library contained the following spells:

 Spells                   Type           Power      Damage    Failure   Level
 Dazzling Flash           Conj/Hex       34%        N/A       10%         3
 Fulminant Prism          Conj/Hex       8%         3d7       32%         4
 Iskenderun's Mystic Bla  Conj/Tloc      17%        2d5       32%         4


Dungeon Overview and Level Annotations

Branches:
Dungeon (2/15)

Altars:
Trog


Message History

Things that are here:
a +0 short sword; a kobold corpse
Found a leather armour.
You now have 110 gold pieces (gained 5).
You now have 119 gold pieces (gained 9).
You see here a +0 leather armour.
Found a stone staircase leading up.
b - 3 scrolls labelled VEXUCIBUSCH (gained 1)
A hobgoblin comes into view.
Casting: Magic Dart (safe; 1% risk of failure)
Confirm with . or Enter, or press ? or * to list all spells.
Aiming: Magic Dart (safe; 1% risk of failure)
Press: ? - help, Shift-Dir - straight line, f - hobgoblin
Aim: a hobgoblin (asleep, 100% to hit)
The magic dart hits the hobgoblin.
The hobgoblin is heavily wounded.
The hobgoblin shouts!
Casting: Magic Dart (safe; 1% risk of failure)
Confirm with . or Enter, or press ? or * to list all spells.
Aiming: Magic Dart (safe; 1% risk of failure)
Press: ? - help, Shift-Dir - straight line, f/p - hobgoblin
Aim: a hobgoblin (moderately wounded, 100% to hit)
The magic dart hits the hobgoblin.
You kill the hobgoblin!
Trog sends monsters to punish you.
The divine experience drains your vigour!
You feel yourself slow down. 4 polar bears come into view.
Press: ? - help, v - describe, . - travel
Here: a polar bear (durably summoned, berserk)
The floor.
As you read the scroll labelled VEXUCIBUSCH, it crumbles to dust.
It is a scroll of identify.
e - a scroll of holy word
As you read the scroll of identify, it crumbles to dust.
f - a scroll of enchant weapon The polar bear bites you.
The polar bear barely misses you. The polar bear closely misses you.
The polar bear bites you!!
Ouch! That really hurt!
You die...

# #. #### ... ..##
.... ... .## #....
#.# #.# ..#.
#.....####.####.#.
....
#.....h@.h.......<
..#
......h###.####.##
.### .# .#...#h
#.# #.# .... #.
##.##.###.# #.#
.## #. ..........#
#.# ..##.# ..
.##†###.#
#.######## .....#
.. #.
#.####.........
.##..###... ..
#............#.
........###
#.##########.#.


You could see 4 polar bears.

Vanquished Creatures
  A gnoll (D:1)
  3 dart slugs (D:2)
  2 endoplasms (D:1)
  4 giant cockroaches
  3 hobgoblins
  4 jackals (D:1)
  3 quokkas
  5 ball pythons
  4 bats
  2 goblins (D:1)
  5 kobolds
  3 rats (D:1)
39 creatures vanquished.

Notes
Turn   | Place    | Note
-------+----------+-------------------------------------------
     0 | D:1      | Exodus22XD the Deep Elf Conjurer began the quest for the
                  | Orb.
     0 | D:1      | Reached XP level 1. HP: 10/10 MP: 6/6
   341 | D:1      | Reached skill level 4 in Spellcasting
   341 | D:1      | Reached XP level 2. HP: 15/15 MP: 6/9
   344 | D:1      | Learned a level 2 spell: Searing Ray
   754 | D:1      | Reached skill level 5 in Spellcasting
   754 | D:1      | Reached XP level 3. HP: 19/19 MP: 5/11
  1352 | D:2      | Found a faded altar of an unknown god.
  1380 | D:2      | Prayed at the altar of an unknown god.
  1380 | D:2      | Became a worshipper of Trog the Wrathful
  1380 | D:2      | Reached * piety under Trog
  1381 | D:2      | Fell from the grace of Trog
  1817 | D:2      | Noticed a polar bear
  1817 | D:2      | Noticed a polar bear
  1817 | D:2      | Noticed a polar bear
  1817 | D:2      | Noticed a polar bear
  1818 | D:2      | Mangled by a polar bear

Illustrated notes

Levels and vault maps discovered:
D:1:      psy_arrival_radial02, layout_basic
D:2:      layout_loops_ring, shapermc_ecumenical_altar_notcrosses

Skill      XL: |  1  2 |
---------------+-------+-----
Spellcasting   | 4 5 |  5.8
Dodging        | |  2.4
Stealth        | |  2.4
Conjurations   | |  4.3

Action                   || total
-------------------------++-------
 Cast: Magic Dart        ||    79
Invok: Renounce Religion ||     1
  Use: Scroll            ||     2
Armor: Robe              ||     2
Dodge: Dodged            ||    13
